 Dungeon Crawl Stone Soup version 0.21.1-1-g345015f (webtiles) character file.

7218 tidbits the Reanimator (level 11, 43/121 HPs)
             Began as a Gnoll Necromancer on June 19, 2018.
             Was an Elder of Cheibriados.
             Quit the game on level 2 of the Shoals.
             The game lasted 00:32:15 (2431 turns).

tidbits the Reanimator (Gnoll Necromancer)          Turns: 2431, Time: 00:32:16

Health: 43/121     AC: 25    Str: 19    XL:     11   Next: 11%
Magic:  6/22       EV:  2    Int: 29    God:    Cheibriados [****..]
Gold:   345        SH:  7    Dex: 26    Spells: 8/25 levels left

rFire    . . .     SeeInvis .   b - +2 spear (pierce)
rCold    . . .     Gourm    .   D - +0 buckler
rNeg     + + +     Faith    .   (armour currently unavailable)
rPois    +         Spirit   .   (helmet currently unavailable)
rElec    .         Reflect  .   (cloak currently unavailable)
rCorr    .         Harm     .   (gloves currently unavailable)
MR       .....     NoTele   +   (boots currently unavailable)
Stlth    +++++.....             (no amulet)
HPRegen  0.30/turn              O - ring of stealth
MPRegen  0.18/turn              (no ring)

@: tree-form (expiring), mesmerised, very slow
A: distributed training, strong nose
a: Bend Time, Temporal Distortion, Slouch, Renounce Religion


You were on level 2 of the Shoals.
You worshipped Cheibriados.
Cheibriados was greatly pleased with you.
You were not hungry.
You were a tree.
You visited 4 branches of the dungeon, and saw 15 of its levels.

You collected 345 gold pieces.

Inventory:

Hand Weapons
 a - a +0 dagger
 b - a +2 spear of piercing (weapon)
   (You found it on level 5 of the Dungeon)
 d - a +0 glaive
 f - a +0 spear
 j - a +0 war axe
 l - the +7 quarterstaff of Reason {crush, rElec Int+2 Dex-5, unknown}
   (You found it on level 9 of the Dungeon)

   It inflicts extra damage upon your enemies.
   It affects your intelligence (+2).
   It affects your dexterity (-5).
   It insulates you from electricity.
 u - a +0 trident
 H - a +0 flail of holy wrath
   (You took it off an orc on level 10 of the Dungeon)
 L - a +0 morningstar
 P - a +0 shortbow
Missiles
 g - 35 sling bullets
 i - 89 arrows
Armour
 k - a +0 hat
 x - a +0 ring mail
 A - a +0 robe
 B - a +0 troll leather armour (melded)
 C - a +0 cloak (melded)
 D - a +0 buckler (worn)
 E - a +0 helmet (melded)
 G - a cursed +0 pair of gloves (melded)
Jewellery
 J - an uncursed ring of fire
   (You found it on level 9 of the Dungeon)
 O - a ring of stealth (left branch)
   (You found it on level 2 of the Lair of Beasts)
Scrolls
 h - 3 scrolls of blinking
 m - a scroll of enchant weapon
 q - a scroll of fog
 r - 6 scrolls of remove curse
 v - a scroll of magic mapping
 y - a scroll of silence
 F - 2 scrolls of teleportation
 I - a scroll of enchant armour {unknown}
Potions
 e - a potion of brilliance
 p - a potion of curing
 s - a potion of ambrosia {unknown}
 t - a potion of invisibility {unknown}
 w - a potion of agility {unknown}
 z - a potion of cancellation {unknown}
Books
 o - a book of Necromancy

   Spells                             Type                      Level
   a - Pain                           Necromancy                   1
   b - Animate Skeleton               Necromancy                   1
   c - Vampiric Draining              Necromancy                   3
   d - Regeneration                   Charms/Necromancy            3
   e - Animate Dead                   Necromancy                   4
   f - Borgnjor's Vile Clutch         Necromancy/Earth             5
Comestibles
 c - 13 rations


   Skills:
 + Level 5.9 Fighting
 + Level 5.9 Short Blades
 + Level 5.9 Long Blades
 + Level 5.9 Axes
 + Level 5.9 Maces & Flails
 + Level 5.9 Polearms
 + Level 5.9 Staves
 + Level 5.9 Slings
 + Level 5.9 Bows
 + Level 5.9 Crossbows
 + Level 5.9 Throwing
 + Level 5.9 Armour
 + Level 7.5 Dodging
 + Level 7.3 Stealth
 + Level 5.9 Shields
 + Level 5.9 Unarmed Combat
 + Level 7.8 Spellcasting
 + Level 4.8 Conjurations
 + Level 4.8 Hexes
 + Level 4.8 Charms
 + Level 4.8 Summonings
 + Level 8.7 Necromancy
 + Level 4.8 Translocations
 + Level 4.8 Transmutations
 + Level 4.8 Fire Magic
 + Level 4.8 Ice Magic
 + Level 4.8 Air Magic
 + Level 4.8 Earth Magic
 + Level 4.8 Poison Magic
 + Level 6.4 Invocations
 + Level 5.9 Evocations


You had 8 spell levels left.
You knew the following spells:

 Your Spells              Type           Power        Failure   Level  Hunger
a - Pain                  Necr           ####         1%          1    None
d - Vampiric Draining     Necr           ######....   1%          3    None
n - Animate Skeleton      Necr           N/A          1%          1    None
r - Regeneration          Chrm/Necr      ######....   1%          3    None
v - Borgnjor's Vile Clut  Necr/Erth      ######....   8%          5    ####...
N - Animate Dead          Necr           N/A          1%          4    ##.....


Dungeon Overview and Level Annotations

Branches:
Dungeon (10/15)            Temple (1/1) D:5            Lair (2/6) D:9
 Shoals (2/4) Lair:2        Snake (0/4) Lair:2
    Orc: D:9-12

Altars:
Ashenzari
Cheibriados
Fedhas
Gozag
Kikubaaqudgha
Trog
Uskayaw
Vehumet
Zin
The Shining One

Shops:
D:9 [

Annotations:
Shoals:1 exclusion: obsidian statue


Innate Abilities, Weirdness & Mutations

Your experience applies equally to all skills.
((You have very sharp teeth.))
Your uncanny sense of smell can sniff out nearby items.


Message History

The tomahawk closely misses the merfolk avatar.
You hear a splash.
The merfolk avatar chants its luring song.
Throwing (i - inventory. (,) - cycle):
K - 4 tomahawks (quivered)
Press: ? - help, Shift-Dir - straight line, f/p - merfolk avatar
Aim: a merfolk avatar (water, almost dead, mesmerising)
You throw a tomahawk.
The tomahawk barely misses the merfolk avatar.
You hear a splash.
The drowned soul returns to the deep!
The merfolk avatar chants its luring song.
Throwing (i - inventory. (,) - cycle):
K - 3 tomahawks (quivered)
Press: ? - help, Shift-Dir - straight line, f/p - merfolk avatar
Aim: a merfolk avatar (water, almost dead, mesmerising)
You throw a tomahawk.
The tomahawk closely misses the merfolk avatar.
You hear a splash.
The merfolk avatar chants its luring song.
Throwing (i - inventory. (,) - cycle):
K - 2 tomahawks (quivered)
Press: ? - help, Shift-Dir - straight line, f/p - merfolk avatar
Aim: a merfolk avatar (water, severely wounded, mesmerising)
You throw a tomahawk. The tomahawk hits the merfolk avatar.
The merfolk avatar is almost dead.
You hear a splash.
Throwing (i - inventory. (,) - cycle):
K - a tomahawk (quivered)
Press: ? - help, Shift-Dir - straight line, f/p - merfolk avatar
Aim: a merfolk avatar (almost dead, mesmerising)
You throw a tomahawk. The tomahawk hits the merfolk avatar!
The merfolk avatar is almost dead.
You hear a splash.
The merfolk avatar chants its luring song.
Throwing (i - inventory):
M - 6 exploding tomahawks (quivered)
Press: ? - help, Shift-Dir - straight line, f/p - merfolk avatar
Aim: a merfolk avatar (almost dead, mesmerising)
You throw an exploding tomahawk.
The exploding tomahawk barely misses the merfolk avatar.
The exploding tomahawk explodes!
The explosion of tomahawk fragments engulfs the merfolk avatar.
The merfolk avatar is almost dead.
The explosion of tomahawk fragments engulfs the drowned soul.
The drowned soul is moderately damaged.
The explosion of tomahawk fragments engulfs the drowned soul.
The drowned soul is heavily damaged.
The drowned soul touches you.
* * * LOW HITPOINT WARNING * * *
Unknown command.
Throwing (i - inventory):
M - 5 exploding tomahawks (quivered)
Press: ? - help, Shift-Dir - straight line, f/p - merfolk avatar
Aim: a merfolk avatar (almost dead, mesmerising)
You throw an exploding tomahawk.
The exploding tomahawk hits the drowned soul.
The drowned soul is severely damaged.
The exploding tomahawk explodes!
The explosion of tomahawk fragments engulfs the drowned soul.
You destroy the drowned soul!
You hear an angry hiss.
You hear a shout!
You hear an angry hiss.
The drowned soul returns to the deep!
The merfolk avatar chants its luring song.
Unknown command.
Throwing (i - inventory):
M - 4 exploding tomahawks (quivered)
Press: ? - help, Shift-Dir - straight line, f/p - merfolk avatar
Aim: a merfolk avatar (almost dead, mesmerising)
You throw an exploding tomahawk.
The exploding tomahawk closely misses the merfolk avatar.
The exploding tomahawk explodes!
The explosion of tomahawk fragments engulfs the merfolk avatar.
The merfolk avatar is almost dead.
The drowned soul returns to the deep!
The merfolk avatar chants its luring song.
Throwing (i - inventory):
M - 3 exploding tomahawks (quivered)
Press: ? - help, Shift-Dir - straight line, f/p - merfolk avatar
Aim: a merfolk avatar (almost dead, mesmerising)
You throw an exploding tomahawk.
The exploding tomahawk closely misses the merfolk avatar.
The exploding tomahawk explodes!
The explosion of tomahawk fragments engulfs the merfolk avatar.
The merfolk avatar is almost dead.
Your transformation is almost over.
The merfolk avatar chants its luring song.
Throwing (i - inventory):
M - 2 exploding tomahawks (quivered)
Press: ? - help, Shift-Dir - straight line, f/p - merfolk avatar
Aim: a merfolk avatar (almost dead, mesmerising)
You throw an exploding tomahawk.
The exploding tomahawk hits the merfolk avatar but does no damage.
The merfolk avatar is almost dead.
The exploding tomahawk explodes!
The explosion of tomahawk fragments engulfs the merfolk avatar.
The merfolk avatar is almost dead.
The merfolk avatar chants its luring song.
Throwing (i - inventory):
M - an exploding tomahawk (quivered)
Press: ? - help, Shift-Dir - straight line, f/p - merfolk avatar
Aim: a merfolk avatar (almost dead, mesmerising)
You throw an exploding tomahawk.
The exploding tomahawk closely misses the merfolk avatar.
The exploding tomahawk explodes!
The explosion of tomahawk fragments engulfs the merfolk avatar.
The merfolk avatar is almost dead.
The merfolk avatar chants its luring song.
A sea snake comes into view.
Are you sure you want to abandon this character and quit the game? (Confirm with "yes".)

####..≈≈≈≈≈≈≈≈≈#
##.≈≈≈≈≈≈≈≈≈# .
#..≈≈≈≈≈≈≈≈# ..####
#.≈≈≈≈≈≈≈≈≈ ......
##.≈≈≈≈≈≈≈≈ ......#
#..≈≈≈≈≈≈≈ ....≈.!
##.≈≈≈≈≈≈≈ ..≈≈≈..###
#.≈≈≈≈≈≈≈
∆##..♣.####(≈≈≈≈≈≈≈
#....(†.....≈≈≈≈≈≈
#...W.(....≈≈≈≈≈≈≈
#....≈((≈≈W≈≈≈≈≈≈≈
#.....≈≈(m≈≈≈≈≈≈≈≈≈
.S.....≈≈≈≈≈≈≈≈≈≈≈≈≈
........≈≈≈≈≈≈≈≈≈≈≈≈≈
..≈..≈≈≈≈≈≈≈≈≈≈≈≈≈≈≈≈
≈≈≈≈≈≈≈≈≈≈≈≈≈≈≈≈≈≈


You could see a merfolk avatar, a sea snake (wandering) and 2 drowned souls.

Vanquished Creatures
  2 two-headed ogres
  A komodo dragon (Lair:2)
  3 trolls (D:9)
  2 merfolk (Shoals:1)
  A hornet (D:8)
  A blink frog (Lair:2)
  2 snapping turtles (Shoals:2)
  3 hippogriffs
  Sigmund (D:6)
  A soldier ant (D:8)
  A water moccasin (Lair:2)
  2 porcupines
  2 sky beasts
  3 ice beasts
  2 orc warriors
  3 ogres
  A centaur (Shoals:1)
  2 crocodiles (D:9)
  3 bullfrogs
  A scorpion (D:7)
  2 wights (D:7)
  2 howler monkeys (D:7)
  A centaur zombie (D:5)
  2 crimson imps (D:5)
  4 hounds
  2 jellies
  A centaur skeleton (D:5)
  7 orc wizards
  An iguana (D:6)
  6 worker ants
  A hound skeleton (D:9)
  A worker ant zombie (D:8)
  A howler monkey skeleton (D:5)
  7 adders
  3 shadow imps
  An ooze (D:2)
  3 adder zombies
  2 adder skeletons (D:4)
  A worm (D:8)
  A dart slug (D:2)
  6 leopard geckos
  18 orcs
  6 bats
  2 giant cockroaches
  4 goblins
  7 hobgoblins
  10 jackals
  A quokka (D:3)
  4 frilled lizards
  2 kobolds (D:3)
  4 rats
150 creatures vanquished.

Vanquished Creatures (collateral kills)
  An elephant (D:9)
  A sky beast (D:9)
  A phantom (D:9)
  A wyvern skeleton (D:9)
  A wight (D:7)
5 creatures vanquished.

Grand Total: 155 creatures vanquished

Notes
Turn   | Place    | Note
-------+----------+-------------------------------------------
     0 | D:1      | tidbits the Gnoll Necromancer began the quest for the Orb.
     0 | D:1      | Reached XP level 1. HP: 13/13 MP: 6/6
    80 | D:1      | Reached XP level 2. HP: 11/19 MP: 1/7
   211 | D:1      | Learned a level 1 spell: Animate Skeleton
   226 | D:1      | Reached XP level 3. HP: 5/25 MP: 1/9
   251 | D:2      | Reached skill level 5 in Spellcasting
   307 | D:1      | Learned a level 3 spell: Regeneration
   312 | D:1      | Learned a level 3 spell: Vampiric Draining
   364 | D:3      | Found a bloodstained altar of Trog.
   412 | D:3      | Reached skill level 1 in Invocations
   448 | D:3      | Reached skill level 1 in Fighting
   448 | D:3      | Reached skill level 1 in Short Blades
   448 | D:3      | Reached skill level 1 in Long Blades
   448 | D:3      | Reached skill level 1 in Axes
   448 | D:3      | Reached skill level 1 in Maces & Flails
   448 | D:3      | Reached skill level 1 in Polearms
   448 | D:3      | Reached skill level 1 in Staves
   448 | D:3      | Reached skill level 1 in Slings
   448 | D:3      | Reached skill level 1 in Bows
   448 | D:3      | Reached skill level 1 in Crossbows
   448 | D:3      | Reached skill level 1 in Throwing
   448 | D:3      | Reached skill level 1 in Armour
   448 | D:3      | Reached skill level 1 in Shields
   448 | D:3      | Reached skill level 1 in Unarmed Combat
   448 | D:3      | Reached skill level 1 in Evocations
   536 | D:4      | Reached XP level 4. HP: 32/32 MP: 6/11
   609 | D:5      | Entered Level 5 of the Dungeon
   647 | D:4      | Reached skill level 1 in Conjurations
   647 | D:4      | Reached skill level 1 in Hexes
   647 | D:4      | Reached skill level 1 in Charms
   647 | D:4      | Reached skill level 1 in Summonings
   647 | D:4      | Reached skill level 1 in Translocations
   647 | D:4      | Reached skill level 1 in Transmutations
   647 | D:4      | Reached skill level 1 in Fire Magic
   647 | D:4      | Reached skill level 1 in Ice Magic
   647 | D:4      | Reached skill level 1 in Air Magic
   647 | D:4      | Reached skill level 1 in Earth Magic
   647 | D:4      | Reached skill level 1 in Poison Magic
   657 | D:5      | Reached XP level 5. HP: 33/37 MP: 7/12
   664 | D:5      | Noticed an ogre
   727 | D:6      | Reached skill level 2 in Invocations
   727 | D:6      | Reached XP level 6. HP: 33/44 MP: 5/13
   824 | D:5      | Found a staircase to the Ecumenical Temple.
   838 | Temple   | Entered the Ecumenical Temple
   842 | Temple   | Became a worshipper of Cheibriados the Contemplative
   849 | Temple   | Learned a level 5 spell: Borgnjor's Vile Clutch
   858 | D:5      | Reached skill level 5 in Dodging
   912 | D:5      | Reached skill level 2 in Fighting
   912 | D:5      | Reached skill level 2 in Short Blades
   912 | D:5      | Reached skill level 2 in Long Blades
   912 | D:5      | Reached skill level 2 in Axes
   912 | D:5      | Reached skill level 2 in Maces & Flails
   912 | D:5      | Reached skill level 2 in Polearms
   912 | D:5      | Reached skill level 2 in Staves
   912 | D:5      | Reached skill level 2 in Slings
   912 | D:5      | Reached skill level 2 in Bows
   912 | D:5      | Reached skill level 2 in Crossbows
   912 | D:5      | Reached skill level 2 in Throwing
   912 | D:5      | Reached skill level 2 in Armour
   912 | D:5      | Reached skill level 2 in Shields
   912 | D:5      | Reached skill level 2 in Unarmed Combat
   912 | D:5      | Reached skill level 2 in Evocations
  1023 | D:5      | Found a radiant altar of Vehumet.
  1023 | D:5      | Found a shattered altar of Ashenzari.
  1028 | D:5      | Found a faded altar of an unknown god.
  1030 | D:5      | Found a glowing golden altar of the Shining One.
  1031 | D:5      | Found a blossoming altar of Fedhas.
  1079 | D:6      | Noticed Sigmund
  1086 | D:6      | Killed Sigmund
  1086 | D:6      | Reached skill level 2 in Conjurations
  1086 | D:6      | Reached skill level 2 in Hexes
  1086 | D:6      | Reached skill level 2 in Charms
  1086 | D:6      | Reached skill level 2 in Summonings
  1086 | D:6      | Reached skill level 2 in Translocations
  1086 | D:6      | Reached skill level 2 in Transmutations
  1086 | D:6      | Reached skill level 2 in Fire Magic
  1086 | D:6      | Reached skill level 2 in Ice Magic
  1086 | D:6      | Reached skill level 2 in Air Magic
  1086 | D:6      | Reached skill level 2 in Earth Magic
  1086 | D:6      | Reached skill level 2 in Poison Magic
  1086 | D:6      | Reached XP level 7. HP: 51/51 MP: 13/15
  1239 | D:6      | Reached skill level 5 in Stealth
  1239 | D:6      | Reached skill level 3 in Invocations
  1279 | D:7      | Reached XP level 8. HP: 54/57 MP: 9/16
  1311 | D:7      | Reached skill level 3 in Fighting
  1311 | D:7      | Reached skill level 3 in Short Blades
  1311 | D:7      | Reached skill level 3 in Long Blades
  1311 | D:7      | Reached skill level 3 in Axes
  1311 | D:7      | Reached skill level 3 in Maces & Flails
  1311 | D:7      | Reached skill level 3 in Polearms
  1311 | D:7      | Reached skill level 3 in Staves
  1311 | D:7      | Reached skill level 3 in Slings
  1311 | D:7      | Reached skill level 3 in Bows
  1311 | D:7      | Reached skill level 3 in Crossbows
  1311 | D:7      | Reached skill level 3 in Throwing
  1311 | D:7      | Reached skill level 3 in Armour
  1311 | D:7      | Reached skill level 3 in Shields
  1311 | D:7      | Reached skill level 3 in Unarmed Combat
  1311 | D:7      | Reached skill level 3 in Evocations
  1323 | D:7      | Reached * piety under Cheibriados
  1374 | D:7      | Reached skill level 6 in Spellcasting
  1427 | D:7      | Found an opulent altar of Gozag.
  1610 | D:9      | Noticed a troll
  1619 | D:9      | Killed a troll
  1619 | D:9      | Reached skill level 6 in Dodging
  1619 | D:9      | Reached skill level 3 in Conjurations
  1619 | D:9      | Reached skill level 3 in Hexes
  1619 | D:9      | Reached skill level 3 in Charms
  1619 | D:9      | Reached skill level 3 in Summonings
  1619 | D:9      | Reached skill level 3 in Translocations
  1619 | D:9      | Reached skill level 3 in Transmutations
  1619 | D:9      | Reached skill level 3 in Fire Magic
  1619 | D:9      | Reached skill level 3 in Ice Magic
  1619 | D:9      | Reached skill level 3 in Air Magic
  1619 | D:9      | Reached skill level 3 in Earth Magic
  1619 | D:9      | Reached skill level 3 in Poison Magic
  1619 | D:9      | Reached skill level 4 in Invocations
  1619 | D:9      | Reached XP level 9. HP: 39/65 MP: 5/18
  1625 | D:10     | Entered Level 10 of the Dungeon
  1689 | D:10     | Noticed a two-headed ogre
  1697 | D:10     | Killed a two-headed ogre
  1697 | D:10     | Reached skill level 4 in Fighting
  1697 | D:10     | Reached skill level 4 in Short Blades
  1697 | D:10     | Reached skill level 4 in Long Blades
  1697 | D:10     | Reached skill level 4 in Axes
  1697 | D:10     | Reached skill level 4 in Maces & Flails
  1697 | D:10     | Reached skill level 4 in Polearms
  1697 | D:10     | Reached skill level 4 in Staves
  1697 | D:10     | Reached skill level 4 in Slings
  1697 | D:10     | Reached skill level 4 in Bows
  1697 | D:10     | Reached skill level 4 in Crossbows
  1697 | D:10     | Reached skill level 4 in Throwing
  1697 | D:10     | Reached skill level 4 in Armour
  1697 | D:10     | Reached skill level 6 in Stealth
  1697 | D:10     | Reached skill level 4 in Shields
  1697 | D:10     | Reached skill level 4 in Unarmed Combat
  1697 | D:10     | Reached skill level 8 in Necromancy
  1697 | D:10     | Reached skill level 4 in Evocations
  1748 | D:9      | Noticed a troll
  1766 | D:9      | Reached ** piety under Cheibriados
  1769 | D:9      | Killed a troll
  1781 | D:9      | Found a staircase to the Lair.
  1796 | D:9      | Got a slimy quarterstaff
  1802 | D:9      | Found Mykesid's Armour Emporium.
  1881 | D:8      | Reached skill level 5 in Invocations
  1917 | D:8      | Noticed a hornet
  1918 | D:8      | Killed a hornet
  1918 | D:8      | Reached XP level 10. HP: 73/73 MP: 13/20
  1919 | D:8      | Reached skill level 7 in Spellcasting
  1956 | D:8      | Reached skill level 4 in Conjurations
  1956 | D:8      | Reached skill level 4 in Hexes
  1956 | D:8      | Reached skill level 4 in Charms
  1956 | D:8      | Reached skill level 4 in Summonings
  1956 | D:8      | Reached skill level 4 in Translocations
  1956 | D:8      | Reached skill level 4 in Transmutations
  1956 | D:8      | Reached skill level 4 in Fire Magic
  1956 | D:8      | Reached skill level 4 in Ice Magic
  1956 | D:8      | Reached skill level 4 in Air Magic
  1956 | D:8      | Reached skill level 4 in Earth Magic
  1956 | D:8      | Reached skill level 4 in Poison Magic
  1963 | D:9      | Noticed a two-headed ogre
  1980 | D:9      | Killed a two-headed ogre
  1980 | D:9      | Reached skill level 5 in Fighting
  1980 | D:9      | Reached skill level 5 in Short Blades
  1980 | D:9      | Reached skill level 5 in Long Blades
  1980 | D:9      | Reached skill level 5 in Axes
  1980 | D:9      | Reached skill level 5 in Maces & Flails
  1980 | D:9      | Reached skill level 5 in Polearms
  1980 | D:9      | Reached skill level 5 in Staves
  1980 | D:9      | Reached skill level 5 in Slings
  1980 | D:9      | Reached skill level 5 in Bows
  1980 | D:9      | Reached skill level 5 in Crossbows
  1980 | D:9      | Reached skill level 5 in Throwing
  1980 | D:9      | Reached skill level 5 in Armour
  1980 | D:9      | Reached skill level 5 in Shields
  1980 | D:9      | Reached skill level 5 in Unarmed Combat
  1980 | D:9      | Reached skill level 5 in Evocations
  1981 | D:9      | Reached *** piety under Cheibriados
  1982 | D:9      | Reached skill level 7 in Dodging
  2022 | D:9      | Learned a level 4 spell: Animate Dead
  2064 | D:9      | Noticed an elephant
  2077 | D:9      | Killed an elephant
  2089 | Lair:1   | Entered Level 1 of the Lair of Beasts
  2113 | Lair:2   | Reached skill level 6 in Invocations
  2159 | Lair:2   | Found a staircase to the Snake Pit.
  2169 | Lair:2   | Reached skill level 7 in Stealth
  2210 | Lair:2   | Found a staircase to the Shoals.
  2253 | Shoals:1 | Entered Level 1 of the Shoals
  2253 | Shoals:1 | Noticed an obsidian statue
  2257 | Shoals:1 | Noticed a smoke demon
  2296 | Shoals:1 | Reached **** piety under Cheibriados
  2313 | Shoals:1 | Reached XP level 11. HP: 38/81 MP: 8/22
  2374 | Shoals:2 | Noticed a merfolk avatar
  2431 | Shoals:2 | Noticed a sea snake
  2431 | Shoals:2 | Quit the game

Skill      XL: |  1  2  3  4  5  6  7  8  9 10 |
---------------+-------------------------------+-----
Spellcasting   | 5 6 7 |  7.8
Invocations    | 1 2 3 4 5 6 |  6.4
Fighting       | 1 2 3 4 5 |  5.9
Short Blades   | 1 2 3 4 5 |  5.9
Long Blades    | 1 2 3 4 5 |  5.9
Axes           | 1 2 3 4 5 |  5.9
Maces & Flails | 1 2 3 4 5 |  5.9
Polearms       | 1 2 3 4 5 |  5.9
Staves         | 1 2 3 4 5 |  5.9
Slings         | 1 2 3 4 5 |  5.9
Bows           | 1 2 3 4 5 |  5.9
Crossbows      | 1 2 3 4 5 |  5.9
Throwing       | 1 2 3 4 5 |  5.9
Armour         | 1 2 3 4 5 |  5.9
Shields        | 1 2 3 4 5 |  5.9
Unarmed Combat | 1 2 3 4 5 |  5.9
Evocations     | 1 2 3 4 5 |  5.9
Conjurations   | 1 2 3 4 |  4.8
Hexes          | 1 2 3 4 |  4.8
Charms         | 1 2 3 4 |  4.8
Summonings     | 1 2 3 4 |  4.8
Translocations | 1 2 3 4 |  4.8
Transmutations | 1 2 3 4 |  4.8
Fire Magic     | 1 2 3 4 |  4.8
Ice Magic      | 1 2 3 4 |  4.8
Air Magic      | 1 2 3 4 |  4.8
Earth Magic    | 1 2 3 4 |  4.8
Poison Magic   | 1 2 3 4 |  4.8
Dodging        | 5 6 7 |  7.5
Stealth        | 5 6 7 |  7.3
Necromancy     | 8 |  8.7

Action                   |  1- 3 |  4- 6 |  7- 9 | 10-12 || total
-------------------------+-------+-------+-------+-------++-------
Melee: Dagger            |    10 |     1 |     8 |     6 ||    25
       War axe           |     4 |       |       |       ||     4
       Bite              |     1 |    11 |    11 |    12 ||    35
       Spear             |       |    91 |   101 |    33 ||   225
       Punch             |       |     1 |     3 |       ||     4
       Unarmed           |       |       |     5 |     1 ||     6
       Flail             |       |       |       |    47 ||    47
       Morningstar       |       |       |       |     1 ||     1
Throw: Javelin           |       |       |     6 |     5 ||    11
       Tomahawk          |       |       |       |    19 ||    19
 Cast: Pain              |    44 |    19 |    90 |    27 ||   180
       Regeneration      |     3 |     7 |     7 |     4 ||    21
       Vampiric Draining |       |     2 |     1 |     7 ||    10
       Animate Skeleton  |       |       |     4 |       ||     4
       Borgnjor's Vile C |       |       |     4 |    10 ||    14
       Animate Dead      |       |       |       |     1 ||     1
  Use: Scroll            |     5 |     4 |     1 |     4 ||    14
       Potion            |       |       |     3 |     2 ||     5
 Stab: Sleeping          |     6 |     5 |     6 |     6 ||    23
       Distracted        |       |       |     1 |       ||     1
  Eat: Chunk             |       |     1 |     4 |       ||     5
       Ration            |       |       |       |     1 ||     1
Armor: Robe              |     5 |    16 |    13 |       ||    34
       Skin              |       |       |     3 |     9 ||    12
       Troll leather arm |       |       |    11 |    30 ||    41
Dodge: Dodged            |    12 |    66 |   115 |   109 ||   302
Block: Buckler           |       |       |    40 |    51 ||    91

Table legend:
 A = Turns spent in this place as a percentage of turns spent in the entire game.
 B = Non-inter-level travel turns spent in this place as a percentage of non-inter-level travel turns spent in the entire game.
 C = Inter-level travel turns spent in this place as a percentage of turns spent in this place.
 D = Turns resting spent in this place as a percentage of non-inter-level travel turns spent in this place.
 E = Turns spent auto-exploring this place as a percentage of non-inter-level travel turns spent in this place.
 F = Non-inter-level travel turns spent in this place divided by the number of levels of this place that you've seen.
                   A       B       C       D       E      F
               +-------+-------+-------+-------+-------+----------------------
         Total | 100.0 | 100.0 |   0.0 |   0.0 |   0.0 | 162.1
       Dungeon |  85.3 |  85.3 |   0.0 |   0.0 |   0.0 | 207.3
        Temple |   0.7 |   0.7 |   0.0 |   0.0 |   0.0 |  16.0
          Lair |   6.7 |   6.7 |   0.0 |   0.0 |   0.0 |  82.0
        Shoals |   7.3 |   7.3 |   0.0 |   0.0 |   0.0 |  89.0
               +-------+-------+-------+-------+-------+----------------------

Table legend:
 A = Kills in this place as a percentage of kills in entire the game.
 B = Kills by you in this place as a percentage of kills by you in the entire game.
 C = Kills by friends in this place as a percentage of kills by friends in the entire game.
 D = Other kills in this place as a percentage of other kills in the entire game.
 E = Experience gained in this place as a percentage of experience gained in the entire game.
 F = Experience gained in this place divided by the number of levels of this place that you have seen.
                   A       B       C       D       E      F
               +-------+-------+-------+-------+-------+----------------------
         Total | 100.0 | 100.0 | 100.0 |   N/A | 100.0 | 687.5
       Dungeon |  90.3 |  90.0 | 100.0 |   N/A |  73.9 | 761.6
          Lair |   5.8 |   6.0 |   0.0 |   N/A |  11.9 | 612.5
        Shoals |   3.9 |   4.0 |   0.0 |   N/A |  14.3 | 735.5
               +-------+-------+-------+-------+-------+----------------------

Vault maps used:
D:1:      dpeg_arrival_arbitrary_c
D:2:      grunt_dithmenos_smoke, grunt_decor_cap
D:3:      lemuel_upstairs_altar, nicolae_overflow_crystal_walls,
          lemuel_round_altar, first_ration, minmay_box_of_dots, uniq_purgy
D:4:      minmay_misc_feat_pillars
D:5:      chequers_temple_overflow_minitemple, minmay_temple_entry_mist,
          minmay_misc_feat_doors, grunt_decor_resistance
D:6:      uniq_sigmund
D:7:      nicolae_gozag_cash_rules_everything_around_me
D:8:      basic_altar, hangedman_pestilent_swarm, disabler_island
D:9:      david_lair_generic, serial_shops, nicolae_shop_behind_doors
D:10:     orc_0_dummy, serial_shops, nicolae_shop_window_shopping
Temple:   zaba_magenta_temple
Lair:1:   basic_altar, serial_bayou_pond_a, beast_lair_carwin_3,
          grunt_megastairs_1, lemuel_fruit_fields, lemuel_fruit_tree
Lair:2:   elwin_shoals_entry_rocks, minmay_snake_entry_six_corridors
Shoals:1: serial_shops, shop, dpeg_stationary_puzzle
Shoals:2: uniq_louise
